AoeStats
← dolt34

Arabia

509533433Analyzed
1v1 RM · 5d ago on Sep 27, 2026· 43m 41s· 2 players
Game mode
Random Map
Map size
Tiny (2 player)
Population
200
Speed
Normal
Resources
Standard
Victory
Conquest
Starting age
Dark Age
Ending age
Imperial Age
RankedLock teamsTeams togetherTeam positionsShared explorationLock speedFull tech treeHidden civsTurbo modeCheats
Victory
Defeat
🇺🇸 Muisca · United States
1197
+18
🇹🇷 Magyars · Türkiye
1235
-18
dolt34
6:59 Loom
9:21 Feudal Age
9:23 Champi Runner
10:53 Double-Bit Axe
17:00 Fletching
18:04 Scale Mail Armor
25:02 Castle Age
23:28 Horse Collar
23:39 Gold Mining
25:23 Crossbowman
26:12 Bodkin Arrow
26:18 Padded Archer Armor
30:07 Ballistics
30:27 Squires
31:32 Wheelbarrow
31:42 Town Watch
31:45 Pikeman
32:44 Leather Archer Armor
32:44 Chain Mail Armor
33:46 Thumb Ring
33:53 Elite Skirmisher
36:37 Hand Cart
40:29 Imperial Age
40:40 Arbalester
41:23 Bracer
materialsublot
7:14 Loom
9:36 Feudal Age
11:49 Double-Bit Axe
22:16 Castle Age
21:02 Bloodlines
21:04 Scale Barding Armor
21:54 Fletching
23:11 Thumb Ring
28:52 Light Cavalry
29:33 Husbandry
29:54 Bodkin Arrow
33:34 Town Watch
39:23 Ballistics
43:57 Imperial Age
43:23 Wheelbarrow
Connection lost

Rejoining the realm…

Still unreachable

The connection could not be restored.

Session expired

The server has moved on; the page needs a fresh start.